Map: Cactus Valley LE (Void)

Players

Galaxus - Winner!

  • Race: Terran Terran
  • Spawn Location: 5:00

Zeratul

  • Race: Protoss Protoss
  • League: Gold
  • Spawn Location: 1:00

VOD

Have the link to the VOD?

Description

Time

  • Played on: March 19, 2017, 3:45 a.m.
  • Length: 33:34
Show
View Real Time Build Order
Export as new Build Order

Galaxus Terran - Winner!

Build Orders:  

Get SALT Encoding   

  12  0:16  Supply Depot  
  12  0:22  Refinery  
  12  0:38  Barracks  
  12  0:45  Supply Depot  
  12  0:54  SCV  
  13  1:06  SCV  
  13  1:09  Supply Depot  
  13  1:30  Marine  
  14  1:41  SCV  
  15  1:48  Marine  
  15  1:54  SCV  
  17  2:06  Marine  
  18  2:11  SCV  
  19  2:16  Barracks  
  19  2:24  SCV  
  19  2:29  Marine  
  21  2:43  SCV  
  22  2:46  Marine, Refinery  
  23  3:04  Marine  
  24  3:10  Marine  
  25  3:13  Orbital Command  
  25  3:17  Factory  
  25  3:22  Marine  
  26  3:28  Marine  
  27  3:54  Barracks Tech Lab, Marine  
  28  4:04  SCV  
  29  4:10  Starport  
  29  4:12  Marine  
  29  4:13  Marauder  
  32  4:17  Factory Tech Lab  
  32  4:30  Command Center, Marine  
  33  4:37  SCV  
  34  5:04  Medivac  
  34  5:06  Barracks Reactor  
  36  5:14  SCV  
  37  5:24  Engineering Bay  
  37  5:26  SCV  
  38  5:31  Marine  
  39  5:38  Barracks  
  39  5:42  SCV  
  40  5:46  Supply Depot  
  40  5:49  Marine  
  41  6:04  Supply Depot  
  41  6:07  Siege Tank  
  44  6:39  Marine x2  
  46  6:40  Marauder  
  46  6:42  Refinery  
  48  6:59  Missile Turret  
  48  7:03  SCV  
  49  7:15  SCV  
  50  7:19  Missile Turret  
  50  7:30  Marine x2  
  52  7:41  Missile Turret  
  52  7:48  Missile Turret, Marauder  
  52  7:50  Missile Turret  
  54  7:55  Missile Turret  
  54  8:02  Missile Turret  
  54  8:03  SCV  
  55  8:10  Marauder  
  57  8:18  Marine  
  58  8:21  Medivac x2  
  62  8:31  Marine  
  63  8:42  Engineering Bay  
  63  8:56  Medivac, Missile Turret  
  63  9:00  Marine x2, Marauder  
  69  9:26  Planetary Fortress  
  69  9:31  Barracks Reactor  
  69  9:34  Stimpack  
  69  9:43  Barracks Tech Lab, Terran Infantry Weapons Level 1  
  69  9:44  Terran Infantry Armor Level 1  
  69  9:48  Armory  
  68  11:14  Combat Shields  
  68  11:19  Marine x2  
  68  11:21  Marine, Marauder  
  73  11:45  Siege Tank  
  76  11:51  Concussive Shells  
  67  12:17  Siege Tank  
  68  12:35  Barracks  
  68  13:04  Raven  
  70  13:08  Terran Infantry Weapons Level 2, Terran Infantry Armor Level 2  
  70  13:34  Refinery  
  64  14:04  Command Center  
  64  14:13  Supply Depot  
  64  14:15  Marine x2  
  64  14:16  Marauder  
  68  14:18  Barracks Tech Lab  
  68  14:23  Raven  
  70  14:35  Supply Depot  
  70  14:38  Marauder  
  72  14:44  Missile Turret  
  72  14:51  Marine  
  72  14:52  Marine x3  
  75  14:53  Marauder  
  75  14:59  Marauder  
  80  15:01  Supply Depot x2  
  80  15:23  Planetary Fortress  
  80  15:46  Marine x3  
  80  15:48  Marauder x2  
  87  15:52  Terran Infantry Weapons Level 3  
  87  15:53  Terran Infantry Armor Level 3  
  87  16:21  Medivac  
  87  16:51  Medivac  
  85  17:26  Marine x3  
  85  17:27  Marine, Marauder  
  85  17:28  Marauder  
  84  18:36  Raven  
  84  18:39  Marine x4  
  84  18:40  Marauder  
  81  19:58  Marine x3  
  81  19:59  Marine  
  89  20:00  Marauder x2  
  89  20:15  Command Center  
  89  20:48  Marine x3  
  89  20:49  Marauder x2  
  96  21:52  Marine x3  
  96  21:53  Marauder x2  
  99  22:37  Marine x3  
  99  22:38  Marauder x2  
  106  23:19  Marine  
  102  23:20  Marine x2  
  102  23:21  Marauder x2  
  102  23:24  Siege Tank  
  71  23:56  Siege Tank  
  64  24:07  Marine x2  
  64  24:08  Marine x2  
  64  24:10  Raven  
  45  24:43  Marine x2  
  45  24:44  Marine x2  
  45  24:45  Marauder  
  51  24:53  Medivac  
  51  24:55  Orbital Command  
  53  25:00  Marine  
  53  25:01  Marine  
  53  25:07  Marauder  
  56  25:09  Marine x2  
  56  25:10  Marine  
  59  25:18  Marauder  
  61  25:23  Medivac  
  61  25:27  Marine  
  61  25:28  Marine x3  
  64  25:29  Marauder  
  65  25:40  Marauder  
  67  25:45  Marine x2  
  68  26:02  Raven  
  70  26:06  Marine x2  
  70  26:07  Marine  
  70  26:08  Marine, Marauder x2  
  70  26:10  Building Armor  
  78  26:24  Marine x2  
  80  26:29  Marauder  
  80  26:32  Starport  
  82  26:43  Refinery  
  82  26:45  Raven  
  84  27:03  Terran Vehicle And Ship Armor Level 1  
  84  27:22  Medivac  
  84  27:52  Medivac  
  84  27:53  Raven  
  86  28:11  Command Center  
  86  28:18  Marine x3  
  86  28:19  Marine, Marauder  
  92  28:23  Starport Reactor  
  92  28:27  Thor  
  92  28:29  Orbital Command  
  98  28:36  Raven  
  100  29:09  Thor  
  106  29:19  Medivac  
  106  29:21  Medivac x2  
  112  29:24  Marine  
  112  29:25  Marine, Marauder  
  112  29:26  Marauder  
  112  29:27  SCV  
  112  29:29  Refinery  
  119  29:39  SCV  
  120  29:49  Raven  
  120  29:51  SCV  
  123  29:55  Terran Vehicle And Ship Armor Level 2  
  123  30:03  SCV  
  105  31:51  Marine x3  
  105  31:52  Marine x2  
  105  31:53  Marauder  
  110  32:10  Marauder  
Show
View Real Time Build Order
Export as new Build Order

Zeratul Protoss 

Build Orders:  

Get SALT Encoding   

  12  0:02  Probe (Chrono Boost)  
  13  0:13  Probe (Chrono Boost)  
  14  0:25  Probe (Chrono Boost)  
  15  0:33  Pylon  
  15  0:52  Gateway, Probe (Chrono Boost)  
  16  0:57  Assimilator  
  16  1:02  Probe (Chrono Boost)  
  16  1:04  Forge  
  17  1:13  Probe (Chrono Boost)  
  18  1:40  Zealot  
  18  1:42  Pylon  
  20  1:57  Cybernetics Core  
  20  2:03  Pylon, Zealot  
  20  2:08  Pylon  
  22  2:12  Photon Cannon  
  22  2:16  Photon Cannon  
  22  2:19  Pylon  
  22  2:23  Warp Gate  
  22  3:06  Gateway  
  22  3:09  Gateway  
  22  3:12  Pylon, Photon Cannon  
  22  3:14  Pylon, Photon Cannon  
  22  3:22  Pylon  
  22  3:28  Assimilator  
  23  3:36  Probe (Chrono Boost)  
  23  3:45  Protoss Ground Weapons Level 1  
  23  3:48  Probe (Chrono Boost)  
  24  4:00  Probe (Chrono Boost)  
  25  4:04  Protoss Air Weapons Level 1  
  25  4:13  Mothership Core (Chrono Boost)  
  27  4:33  Probe (Chrono Boost)  
  27  4:37  Twilight Council  
  28  4:40  Photon Cannon  
  29  4:45  Probe (Chrono Boost)  
  29  4:54  Pylon  
  29  4:58  Pylon  
  30  5:08  Probe (Chrono Boost)  
  30  5:20  Probe (Chrono Boost)  
  31  5:22  Stargate  
  31  5:25  Protoss Shields Level 1  
  31  5:29  Pylon  
  31  5:30  Pylon  
  31  5:54  Zealot x3  
  37  6:05  Photon Cannon  
  37  6:17  Dark Shrine  
  37  6:40  Nexus  
  37  6:47  Assimilator  
  37  7:03  Photon Cannon  
  37  7:05  Protoss Ground Armor Level 1  
  37  7:09  Photon Cannon  
  37  7:16  Pylon  
  37  7:20  Pylon  
  37  7:36  Gateway  
  37  7:38  Gateway  
  37  7:54  Probe (Chrono Boost)  
  38  8:04  Probe (Chrono Boost)  
  39  8:15  Probe (Chrono Boost)  
  39  8:18  Gateway  
  40  8:25  Probe (Chrono Boost)  
  40  8:26  Pylon  
  41  8:29  Photon Cannon  
  41  8:32  Photon Cannon  
  41  8:36  Probe (Chrono Boost)  
  41  8:41  Protoss Ground Weapons Level 2  
  42  9:05  Dark Templar  
  42  9:06  Dark Templar  
  42  9:07  Dark Templar  
  42  9:09  Dark Templar  
  50  9:11  Dark Templar  
  52  9:18  Oracle  
  55  9:26  Probe (Chrono Boost)  
  55  9:31  Assimilator  
  56  9:37  Probe (Chrono Boost)  
  56  9:38  Photon Cannon  
  57  9:47  Probe (Chrono Boost)  
  58  9:53  Robotics Facility  
  58  9:58  Probe (Chrono Boost)  
  59  10:03  Photon Cannon  
  59  10:05  Stalker  
  61  10:08  Sentry  
  61  10:39  Dark Templar x3  
  61  10:40  Dark Templar  
  69  10:58  Phoenix  
  71  11:13  Stalker x3  
  77  11:35  Photon Cannon  
  77  11:36  Phoenix, Photon Cannon  
  79  11:46  Nexus  
  79  11:50  Assimilator  
  79  11:53  Assimilator  
  79  11:57  Pylon  
  79  11:58  Photon Cannon  
  79  12:00  Photon Cannon  
  69  12:22  Phoenix  
  71  12:44  Phoenix  
  71  12:47  Stargate  
  73  13:02  Protoss Air Armor Level 1  
  73  13:06  Phoenix  
  75  13:14  Probe (Chrono Boost)  
  76  13:24  Probe (Chrono Boost)  
  77  13:35  Probe (Chrono Boost)  
  78  13:45  Probe (Chrono Boost)  
  77  13:56  Probe (Chrono Boost)  
  76  14:03  Archon  
  76  14:16  Probe (Chrono Boost)  
  77  14:23  Observer  
  78  14:26  Probe (Chrono Boost)  
  78  14:27  Oracle x2  
  85  14:37  Probe (Chrono Boost)  
  86  14:44  Observer  
  87  14:47  Probe (Chrono Boost)  
  88  14:58  Oracle, Probe (Chrono Boost)  
  89  15:00  Phoenix  
  89  15:02  Resonating Glaives  
  89  15:06  Observer  
  95  15:09  Adept x2  
  95  15:10  Adept x4  
  107  15:41  Zealot x6  
  119  16:03  Robotics Bay  
  91  16:41  Zealot x2  
  91  16:42  Zealot x4  
  73  17:15  Stalker x2  
  75  17:16  Stalker x2  
  75  17:18  Stalker x2  
  76  17:28  Stalker  
  76  17:29  Stalker x2  
  64  17:30  Stalker  
  47  17:54  Zealot  
  47  17:55  Zealot x3  
  54  18:03  Gateway  
  54  18:05  Gateway  
  48  18:08  Gateway  
  48  18:11  Twilight Council  
  42  18:15  Pylon  
  34  18:27  Mothership Core (Chrono Boost)  
  18  19:55  Forge, Zealot x2  
  18  19:56  Zealot  
  24  20:00  Gateway  
  24  20:05  Gateway  
  21  20:07  Gateway  
  21  20:10  Cybernetics Core  
  21  20:16  Dark Shrine  
  21  20:25  Templar Archives  
  21  20:26  Zealot x3  
  27  20:38  Photon Cannon  
  27  20:39  Photon Cannon  
  27  20:41  Photon Cannon  
  27  20:42  Photon Cannon  
  27  20:45  Photon Cannon  
  27  20:46  Pylon  
  27  20:50  Pylon  
  27  20:55  Pylon  
  27  20:58  Charge  
  27  21:03  Psionic Storm  
  27  21:19  High Templar  
  27  21:20  High Templar  
  31  21:26  High Templar  
  31  21:28  High Templar  
  35  21:34  Pylon  
  35  21:36  Pylon  
  35  21:51  Stargate  
  35  22:02  Stargate  
  35  22:13  Mothership Core (Chrono Boost)  
  37  22:33  Probe (Chrono Boost)  
  39  22:45  Probe (Chrono Boost)  
  39  22:49  Phoenix  
  41  22:54  Phoenix  
  33  23:58  Dark Templar x2  
  33  23:59  Dark Templar  
  35  24:06  Archon  
  31  24:27  High Templar x3  
  37  24:35  Photon Cannon  
  37  24:38  Photon Cannon  
  35  26:01  Phoenix  
  33  26:23  Phoenix  
  35  26:42  Void Ray  
  37  27:05  Nexus  
  37  27:09  Assimilator  
  37  27:13  Assimilator  
  37  27:18  Pylon  
  37  27:20  Pylon  
  37  27:22  Phoenix  
  37  27:38  Dark Templar x2  
  36  28:03  Pylon  
  36  28:05  Pylon  
  36  28:08  Nexus  
  36  28:11  Assimilator  
  36  28:25  Photon Cannon  
  36  28:40  Photon Cannon  
  36  29:48  Photon Cannon  
  36  29:50  Photon Cannon  
  36  30:00  Assimilator  
  36  30:16  Probe (Chrono Boost)  
  37  30:26  Probe (Chrono Boost)  
  38  30:37  Probe (Chrono Boost)  
  35  31:10  Phoenix  
  33  31:35  Phoenix  
  17  32:03  Dark Templar x3  
  17  32:04  Dark Templar  
  17  32:05  Dark Templar  
Tags
 
Add a new tag
Caveats
  • Supply blocks, unpowered buildings, or Contaminate may cause inaccurate times.
  • Supply counts are checked every 10 seconds.